 Dungeon Crawl Stone Soup version 0.28.0-47-ge53b351184 (webtiles) character file.

Game seed: 14927366939530835158

36807 pkoi the Frost Mage (level 13, -4/107 HPs)
             Began as a Demigod Ice Elementalist on May 3, 2022.
             Slain by an ogre
             ... wielding a +0 giant club
              (15 damage)
             ... while paralysed by an orc sorcerer
             ... on level 2 of the Orcish Mines.
             The game lasted 00:53:20 (27368 turns).

pkoi the Frost Mage (Demigod Ice Elementalist)     Turns: 27368, Time: 00:53:20

Health: -4/107     AC: 10    Str:  9    XL:     13   Next: 23%
Magic:  47/47      EV: -1    Int: 33    God:
Gold:   758        SH:  0    Dex: 14    Spells: 6/28 levels left

rFire   + . .      SeeInvis .   e - +2 dagger (venom)
rCold   . . .      Faith    .   (no shield)
rNeg    . . .      Spirit   .   K - +3 leather armour {rF+}
rPois   .          Reflect  +   k - +1 hat
rElec   .          Harm     .   r - +0 cloak
rCorr   .          Rampage  .   a - +0 pair of gloves
Will    +....                   (no boots)
Stlth   ++........              u - amulet of reflection
HPRegen 0.27/turn               y - ring of magical power
MPRegen 0.30/turn               w - ring of magical power

@: paralysed, grasped by roots, constricted
A: high MP 1, forlorn, divine attributes
a: no special abilities


You were on level 2 of the Orcish Mines.
You visited 3 branches of the dungeon, and saw 18 of its levels.
You also visited: Volcano.

You collected 1206 gold pieces.
You spent 448 gold pieces at shops.

Inventory:

Hand Weapons
 d - a +0 spectral whip
 e - a +2 dagger of venom (weapon)
 G - a +0 whip of electrocution
 M - a +4 short sword
Missiles
 m - 8 boomerangs
 p - a throwing net
 x - 333 stones
 z - 2 javelins
 L - 2 curare-tipped darts
 N - 23 poisoned darts
Armour
 a - a +0 pair of gloves (worn)
 k - a +1 hat (worn)
 r - a +0 cloak (worn)
 E - a +2 robe of positive energy
 J - a +0 cloak
 K - a +3 leather armour of fire resistance (worn)
Jewellery
 u - an amulet of reflection (around neck)
 w - a ring of magical power (right hand)
 y - a ring of magical power (left hand)
 F - a ring of poison resistance
Wands
 i - a wand of mindburst (11)
 n - a wand of acid (6)
 o - a wand of polymorph (9)
 C - a wand of iceblast (6)
 Q - a wand of digging (8)
 T - a wand of flame (4)
Scrolls
 b - 4 scrolls of teleportation
 c - 2 scrolls of brand weapon
 j - a scroll of holy word
 l - a scroll of fog
 t - 3 scrolls of amnesia
 H - a scroll of fear
 I - a scroll of magic mapping
 O - 2 scrolls of identify
 R - 2 scrolls of enchant armour {unknown}
Potions
 f - 4 potions of flight
 g - a potion of mutation
 h - 3 potions of curing
 q - 5 potions of heal wounds
 s - 2 potions of might
 v - 2 potions of haste
 A - a potion of resistance
 B - 3 potions of lignification
 D - a potion of magic
 P - a potion of invisibility {unknown}
 S - a potion of cancellation {unknown}


   Skills:
 - Level 7.7 Fighting
 - Level 3.1 Short Blades
 - Level 5.0 Armour
 - Level 7.9 Dodging
 - Level 4.0 Stealth
 + Level 8.2 Spellcasting
 + Level 6.9 Conjurations
 + Level 6.9 Hexes
 + Level 7.2 Translocations
 - Level 9.9 Ice Magic


You had 6 spell levels left.
You knew the following spells:

 Your Spells              Type           Power      Damage    Failure   Level
a - Freeze                Ice            100%       1d11      1%          1
b - Frozen Ramparts       Ice            100%       1d12      1%          3
c - Ozocubu's Armour      Ice            68%        N/A       1%          3
d - Apportation           Tloc           100%       N/A       1%          1
e - Iskenderun's Mystic   Conj/Tloc      57%        2d12      2%          4
f - Fulminant Prism       Conj/Hex       28%        3d14      2%          4
g - Ensorcelled Hibernat  Hex/Ice        100%       N/A       1%          2
h - Hailstorm             Conj/Ice       62%        3d13      1%          4

Your spell library contained the following spells:

 Spells                   Type           Power      Damage    Failure   Level
 Dazzling Flash           Conj/Hex       100%       N/A       1%          3
 Metabolic Englaciation   Hex/Ice        31%        N/A       3%          5
 Animate Skeleton         Necr           26%        N/A       4%          1
 Summon Small Mammal      Summ           52%        N/A       4%          1
 Silence                  Hex/Air        18%        N/A       30%         5
 Agony                    Necr           13%        N/A       77%         5
 Lee's Rapid Deconstruct  Erth           6%         3d7*      77%         5
 Enfeeble                 Hex            28%        N/A       91%         7


Dungeon Overview and Level Annotations

Branches:
Dungeon (13/15)            Temple (0/1) D:6            Lair (3/6) D:9
  Swamp (0/4) Lair:2       Spider (0/4) Lair:2          Orc (2/2) D:10
Volcano (visited)
    Elf: Orc:2       Vaults: D:13-14

Shops:
D:3 =   D:7 [   D:8 :   D:10 :   Orc:1 !

Annotations:
Lair:2 exclusion: 2 oklob plants
Orc:2 Jorgrun


Innate Abilities, Weirdness & Mutations

You have an increased reservoir of magic. (+10% MP)
You shall have no god before yourself.
Your divine heritage dramatically boosts your attributes as you level up.


Message History

HP restored.
You start resting.
You start resting.
Magic restored.
You start waiting.
Done waiting.
You climb downwards.
The orc sorcerer casts a spell at you.
You suddenly lose the ability to move!
Jorgrun Earthshaker comes into view.
He is wielding a staff of earth.
The orc warrior hits you with a +0 mace.
The orc shouts!
The ogre hits you with a +0 giant club!
The orc warrior hits you with a +0 mace!
* * * LOW HITPOINT WARNING * * *
The orc sorcerer casts a spell at you.
The bolt of fire hits the orc!!
The orc dies!
The bolt of fire hits you but does no damage.
The ogre hits you with a +0 giant club!
* * * LOW HITPOINT WARNING * * *
The orc warrior hits you with a +0 mace!
* * * LOW HITPOINT WARNING * * *
An orc wizard comes into view. It is wielding a +0 dagger.
The orc warrior hits you with a +0 mace.
* * * LOW HITPOINT WARNING * * *
The orc wizard points at you and mumbles some strange words.
The puff of flame hits you but does no damage.
You resist. The ogre hits you with a +0 giant club!
* * * LOW HITPOINT WARNING * * *
Jorgrun points at you and mumbles some strange words.
Roots burst forth from the earth!
The grasping roots grab you! The grasping roots constrict you!
* * * LOW HITPOINT WARNING * * *
The orc warrior hits you with a +0 mace!
* * * LOW HITPOINT WARNING * * *
The orc wizard hits you but does no damage.
The ogre hits you with a +0 giant club!
You die...

........#.## .
..o.......
..##oo......# .
......[.....# ..
............#...
....g.o....$....
........o.......
#....o.)@O....o.
.......oo[......
................
......#.....#...
.....#.....## ..
......#..... #
...........#.
..$.. ......#.
.......#.####


You could see Jorgrun, 2 orc sorcerers, an orc warrior, an ogre, 4 orc wizards
and 2 orcs.

Vanquished Creatures
  4 hydras
  A boulder beetle (D:11)
  A two-headed ogre (D:10)
  Erica (D:9)
  8 death yaks
  2 orc high priests
  4 skeletal warriors (D:12)
  A fire crab (Volcano)
  4 bog bodies (Lair:2)
  A lindwurm (Volcano)
  Pikel (D:5)
  4 orc sorcerers
  A black mamba (Lair:1)
  A gargoyle (D:12)
  A kobold demonologist (D:10)
  7 cane toads
  A rime drake (Lair:2)
  5 komodo dragons
  Grinder (D:6)
  6 trolls
  3 blink frogs (Lair:2)
  3 culicivoras (Lair:2)
  2 wyverns (D:10)
  A shadow (D:10)
  A wraith (D:11)
  4 fire bats (Volcano)
  25 yaks
  2 basilisks
  5 steam dragons
  11 vampire mosquitoes
  2 wargs
  2 swamp worms (Lair:2)
  2 water moccasins
  2 hell hounds (Volcano)
  16 orc warriors
  A black bear (Lair:3)
  An ice beast (D:8)
  A sky beast (D:6)
  11 centaurs
  3 ogres
  A necrophage (D:5)
  A lemure (D:5)
  4 kobold brigands (D:10)
  5 bullfrogs
  Blork the orc (D:6)
  3 gnoll sergeants
  A scorpion (D:5)
  A water moccasin skeleton (D:4)
  8 wights (D:9)
  2 electric eels (Lair:2)
  2 howler monkeys (D:13)
  A crimson imp (D:5)
  2 centaur zombies
  2 hounds (D:6)
  2 jellies
  Jessica (D:3)
  Terence (D:3)
  An iguana (D:5)
  5 orc wizards
  2 killer bee zombies
  2 howler monkey zombies
  Robin (D:3)
  10 gnolls
  4 adders
  2 shadow imps (D:7)
  A white imp (D:7)
  An adder skeleton (D:2)
  2 dart slugs (D:3)
  32 orcs
  8 ball pythons
  3 bats
  8 endoplasms
  3 giant cockroaches
  8 goblins
  12 hobgoblins
  8 jackals
  A quokka (D:2)
  3 frilled lizards
  A goblin skeleton (D:5)
  3 hobgoblin zombies (D:5)
  7 kobolds
  An orc skeleton (D:5)
  An orc zombie (D:5)
  6 rats
327 creatures vanquished.

Vanquished Creatures (others)
  A centaur (D:12)
  An orc priest (Orc:2)
  2 orcs (Orc:2)
  62 fulminant prisms
  3 fungi
  5 plants
74 creatures vanquished.

Grand Total: 401 creatures vanquished

Notes
Turn   | Place    | Note
-------+----------+-------------------------------------------
     0 | D:1      | pkoi the Demigod Ice Elementalist began the quest for the
                  | Orb.
     0 | D:1      | Reached XP level 1. HP: 14/14 MP: 5/5
   325 | D:1      | Reached skill level 4 in Ice Magic
   430 | D:1      | Reached XP level 2. HP: 20/20 MP: 5/7
  1592 | D:2      | Reached XP level 3. HP: 26/26 MP: 6/8
  2176 | D:2      | Learned a level 3 spell: Frozen Ramparts
  2266 | D:2      | Reached skill level 5 in Ice Magic
  2726 | D:3      | Reached XP level 4. HP: 21/33 MP: 2/9
  3054 | D:3      | Noticed Robin
  3061 | D:3      | Killed Robin
  3277 | D:3      | Noticed Jessica
  3287 | D:3      | Killed Jessica
  3819 | D:3      | Reached skill level 6 in Ice Magic
  3958 | D:3      | Reached XP level 5. HP: 38/38 MP: 8/10
  3984 | D:3      | Found Erijebra's Jewellery Shoppe.
  4120 | D:3      | Noticed Terence
  4133 | D:3      | Killed Terence
  4209 | D:3      | Learned a level 3 spell: Ozocubu's Armour
  5279 | D:5      | Entered Level 5 of the Dungeon
  5699 | D:5      | Learned a level 1 spell: Apportation
  5720 | D:5      | Reached skill level 1 in Fighting
  5727 | D:5      | Reached XP level 6. HP: 44/47 MP: 7/12
  5889 | D:5      | Noticed a troll
  5897 | D:5      | Killed a troll
  6458 | D:6      | Reached XP level 7. HP: 19/55 MP: 7/14
  6591 | D:6      | Noticed Pikel
  6723 | D:5      | Killed Pikel
  6724 | D:5      | Reached skill level 7 in Ice Magic
  6877 | D:6      | Noticed Grinder
  6965 | D:6      | Reached XP level 8. HP: 51/63 MP: 6/17
  7082 | D:6      | Found a staircase to the Ecumenical Temple.
  7090 | D:6      | Paralysed by Grinder for 3 turns
  7226 | D:6      | Paralysed by Grinder for 4 turns
  7245 | D:6      | Paralysed by Grinder for 6 turns
  7642 | D:6      | Noticed Blork the orc
  7660 | D:6      | Paralysed by Grinder for 7 turns
  7669 | D:6      | Paralysed by Grinder for 2 turns
  7688 | D:6      | Paralysed by Grinder for 4 turns
  7695 | D:6      | Killed Grinder
  7696 | D:6      | Reached skill level 1 in Translocations
  8388 | D:6      | Killed Blork the orc
  9289 | D:7      | Reached skill level 5 in Dodging
  9511 | D:7      | Found Fawuel's Antique Armour Shop.
  9970 | D:8      | Found Elee's Book Emporium.
 10374 | D:8      | Reached XP level 9. HP: 67/72 MP: 19/19
 11254 | D:9      | Reached skill level 8 in Ice Magic
 11257 | D:9      | Reached skill level 5 in Spellcasting
 11259 | D:9      | Reached skill level 5 in Fighting
 11308 | D:9      | Noticed Erica
 11373 | D:9      | Killed Erica
 11652 | D:9      | Noticed a death yak
 11653 | D:9      | Found a staircase to the Lair.
 11653 | D:9      | Noticed a death yak
 11684 | D:8      | Killed a death yak
 11685 | D:8      | Reached XP level 10. HP: 62/83 MP: 22/22
 11823 | D:9      | Noticed a death yak
 11837 | D:9      | Killed a death yak
 11838 | D:9      | Reached skill level 9 in Ice Magic
 11844 | D:9      | Killed a death yak
 13769 | D:10     | Entered Level 10 of the Dungeon
 13782 | D:10     | Found a staircase to the Orcish Mines.
 14109 | D:10     | Reached XP level 11. HP: 92/92 MP: 25/25
 14300 | D:10     | Found Senaarow's Book Boutique.
 14320 | D:10     | Bought a book of Blasting for 448 gold pieces
 14327 | D:10     | Learned a level 4 spell: Iskenderun's Mystic Blast
 14332 | D:10     | Learned a level 4 spell: Fulminant Prism
 14481 | D:10     | Noticed a two-headed ogre
 14492 | D:10     | Killed a two-headed ogre
 14493 | D:10     | Reached skill level 1 in Conjurations
 14493 | D:10     | Reached skill level 1 in Hexes
 14822 | D:10     | Identified a scroll of acquirement
 14822 | D:10     | Acquired pkoi's Tome of Curses
 14827 | D:10     | Learned a level 2 spell: Ensorcelled Hibernation
 15871 | D:11     | Noticed a seven-headed hydra
 15879 | D:11     | Learned a level 4 spell: Hailstorm
 15895 | D:11     | Killed a seven-headed hydra
 15896 | D:11     | Reached skill level 1 in Short Blades
 16252 | D:11     | Noticed a boulder beetle
 17267 | D:12     | Noticed a skeletal warrior
 17267 | D:12     | Noticed a skeletal warrior
 17300 | D:11     | Killed a boulder beetle
 17595 | Lair:1   | Entered Level 1 of the Lair of Beasts
 17632 | Lair:1   | Found a dark tunnel.
 17640 | Volcano  | Entered a volcano
 17659 | Volcano  | Noticed a lindwurm
 17676 | Volcano  | Killed a lindwurm
 17721 | Volcano  | Reached skill level 5 in Translocations
 17833 | Volcano  | Noticed a fire crab
 17842 | Volcano  | Killed a fire crab
 17843 | Volcano  | Reached skill level 1 in Armour
 18616 | Lair:1   | Reached XP level 12. HP: 68/101 MP: 27/27
 18959 | Lair:1   | Noticed a seven-headed hydra
 18967 | Lair:1   | Killed a seven-headed hydra
 20558 | Lair:2   | Reached skill level 5 in Conjurations
 20558 | Lair:2   | Reached skill level 5 in Hexes
 21007 | Lair:2   | Found a staircase to the Swamp.
 21864 | Lair:2   | Found a hole to the Spider Nest.
 23614 | D:12     | Reached skill level 5 in Armour
 24221 | D:12     | Noticed a five-headed hydra
 24228 | D:12     | Killed a five-headed hydra
 25078 | D:13     | Noticed a six-headed hydra
 25086 | D:13     | Reached XP level 13. HP: 95/107 MP: 12/29
 25842 | Orc:1    | Entered Level 1 of the Orcish Mines
 26399 | Orc:1    | Found Plog's Distillery.
 26619 | Orc:2    | Entered Level 2 of the Orcish Mines
 26830 | Orc:2    | Noticed an orc warlord
 27364 | Orc:2    | Paralysed by an orc sorcerer for 7 turns
 27364 | Orc:2    | Noticed Jorgrun
 27368 | Orc:2    | Slain by an ogre

Illustrated notes

Levels and vault maps discovered:
D:1:      grunt_arrival_crossed_arrows, layout_loops_ring
D:2:      layout_loops_ring, basic_altar, nicolae_ecumenical_oubliette,
          minmay_heptomino_w4
D:3:      layout_loops_ring, serial_shops, shop_fountains, uniq_jessica,
          uniq_terence, uniq_robin
D:4:      layout_basic, mainiacjoe_overflow_boulevard
D:5:      layout_rooms, pf_just_have_faith, nicolae_tso_besieged_by_evil
D:6:      layout_basic, grunt_temple_overflow_open, minmay_temple_entry_glass,
          nrook_mini_vaults, uniq_blork_the_orc, uniq_grinder, uniq_pikel
D:7:      layout_basic, serial_shops, kennysheep_mini_moat
D:8:      layout_loops_corners, serial_shops, nicolae_shop_waterfront
D:9:      layout_layer_cave, mainiacjoe_overflow_concentric_impassable,
          dpeg_lair_monsters, uniq_erica
D:10:     layout_loops_cross, kennysheep_orc_monster_closet_entryway,
          serial_shops, nicolae_shop_hallway_plus, kennysheep_windowed_goal
D:11:     layout_basic
D:12:     layout_irregular_city
D:13:     layout_basic
Lair:1:   layout_loops_ring, nicolae_volcano_entry_hallway
Lair:2:   dpeg_oklob_gauntlet, layout_long_grid,
          nicolae_swamp_entry_splash_gauntlet,
          hellmonk_spider_entry_life_and_decay, guppyfry_lair_drakes
Lair:3:   statuecave_lemuel, layout_gridlike, lemuel_fruit_tree
Orc:1:    layout_caves, serial_shops, shop_fountains, basic_altar
Orc:2:    grunt_orc_cross, layout_caves, uniq_jorgrun

Skill      XL: |  1  2  3  4  5  6  7  8  9 10 11 12 13 |
---------------+----------------------------------------+-----
Ice Magic      | 4 5 6 7 8 9 |  9.9
Dodging        | 2 3 4 5 6 7 |  7.9
Spellcasting   | 2 3 4 5 7 8 |  8.2
Fighting       | 1 2 3 4 5 7 |  7.7
Translocations | 2 4 5 6 7 |  7.2
Conjurations   | 3 6 |  6.9
Hexes          | 3 6 |  6.9
Stealth        | 4 |  4.0
Short Blades   | 3 |  3.1
Armour         | 1 5 |  5.0

Action                   |  1- 3 |  4- 6 |  7- 9 | 10-12 | 13-15 || total
-------------------------+-------+-------+-------+-------+-------++-------
Melee: Unarmed           |     3 |     5 |       |       |       ||     8
       Short sword       |    29 |     3 |       |       |       ||    32
       Dagger            |       |    97 |   215 |   236 |    19 ||   567
       Punch             |       |       |     6 |     3 |       ||     9
       Whip              |       |       |       |   109 |       ||   109
 Cast: Freeze            |    69 |    22 |    13 |    30 |     5 ||   139
       Frozen Ramparts   |       |    13 |    27 |    65 |     2 ||   107
       Ozocubu's Armour  |       |     6 |    26 |    63 |     2 ||    97
       Hailstorm         |       |       |       |    14 |     1 ||    15
       Iskenderun's Myst |       |       |       |    44 |    22 ||    66
       Fulminant Prism   |       |       |       |    40 |    22 ||    62
  Use: Potion            |       |     2 |       |       |       ||     2
       Scroll            |       |       |    16 |     5 |       ||    21
 Stab: Sleeping          |       |       |     2 |     3 |       ||     5
Armor: Robe              |    16 |    46 |    93 |   127 |       ||   282
       Leather armour    |       |       |       |    53 |    14 ||    67
Dodge: Dodged            |    48 |    92 |   164 |   309 |    39 ||   652
Block: Other             |       |       |    18 |   111 |    12 ||   141
       Reflection        |       |       |       |     2 |       ||     2
